 Dungeon Crawl Stone Soup version 0.29-a0-506-ga2e7fffb44 (webtiles) character file.

Game seed: 14099185882808430904

64 dolemite99 the Slasher (level 3, -2/29 HPs)
             Began as a Demonspawn Fighter on May 29, 2022.
             Was a Follower of Kikubaaqudgha.
             Slain by a black bear (4 damage)
             ... on level 4 of the Dungeon.
             The game lasted 00:02:55 (3084 turns).

dolemite99 the Slasher (Demonspawn Fighter)         Turns: 3084, Time: 00:02:56

Health: -2/29      AC:  8    Str: 18    XL:     3   Next: 91%
Magic:  3/3        EV:  9    Int:  9    God:    Kikubaaqudgha [*.....]
Gold:   171        SH:  4    Dex: 12    Spells: 2/2 levels left

rFire   . . .      SeeInvis .   a - +0 long sword
rCold   . . .      Faith    +   c - +0 buckler
rNeg    . . .      Spirit   .   b - +0 scale mail
rPois   .          Reflect  .   (no helmet)
rElec   .          Harm     .   (no cloak)
rCorr   .          Rampage  .   (no gloves)
Will    .....                   (no boots)
Stlth   ..........              r - amulet of faith
HPRegen 0.09/turn               (no ring)
MPRegen 0.08/turn               (no ring)

@: mighty
A: hooves 1, thin metallic scales 1
a: Renounce Religion, Unearth Wretches


You were on level 4 of the Dungeon.
You worshipped Kikubaaqudgha.
Kikubaaqudgha was aware of your devotion.
You visited 1 branch of the dungeon, and saw 4 of its levels.

You collected 171 gold pieces.

Inventory:

Hand Weapons
 a - a +0 long sword (weapon)
 t - a +0 dagger of speed
Missiles
 i - 9 poisoned darts
 j - 63 stones (quivered)
Armour
 b - a +0 scale mail (worn)
 c - a +0 buckler (worn)
Jewellery
 r - an amulet of faith (around neck)
Scrolls
 e - 4 scrolls of teleportation
 h - a scroll of amnesia
 l - a scroll of vulnerability {unknown}
 m - a scroll of brand weapon {unknown}
 o - 2 scrolls of identify {@r1}
Potions
 d - a potion of might
 f - a potion of cancellation
 g - 3 potions of magic {unknown}
 k - 2 potions of curing {unknown}
 n - a potion of heal wounds {unknown}
 p - a potion of resistance {unknown}
 q - a potion of degeneration {unknown}
 s - a potion of invisibility {unknown}
 u - a potion of haste {unknown}
 v - a potion of ambrosia {unknown}


   Skills:
 - Level 3.0 Fighting
 + Level 3.9 Long Blades
 - Level 2.6 Armour
 - Level 2.6 Shields


You had 2 spell levels left.
You didn't know any spells.
Your spell library contained the following spells:

 Spells                   Type           Power      Damage    Failure   Level
 Necrotize                Necr           0%         1d4       86%         1
 Sublimation of Blood     Necr           0%         N/A       95%         2
 Conjure Flame            Conj/Fire      0%         6-21      99%         3
 Ignite Poison            Fire/Tmut/Pois 0%         N/A       99%         3
 Vampiric Draining        Necr           0%         2d6       99%         3
 Anguish                  Hex/Necr       0%         N/A       100%        4
 Sticky Flame             Conj/Fire      0%         2d3       100%        4


Dungeon Overview and Level Annotations

Branches:
Dungeon (4/15)
 Temple: D:4-7

Altars:
Kikubaaqudgha

Shops:
D:1 :


Innate Abilities, Weirdness & Mutations

You have large cloven feet.
You are partially covered in thin metallic scales. (AC +2)


Message History

There is a stone staircase leading up here.
A black bear and an iguana come into view.
Found a sapphire potion.
The black bear growls angrily.
The iguana hisses angrily.
There are monsters nearby!
You throw a stone. The stone barely misses the iguana.
You throw a stone. The stone closely misses the iguana.
The stone barely misses the black bear.
You throw a stone. The stone closely misses the iguana.
The stone hits the black bear but does no damage.
The iguana attacks as you move away!
The iguana bites you but does no damage.
You feel very mighty all of a sudden. The iguana bites you!
You hit the iguana.
The iguana is lightly wounded.
The iguana completely misses you.
You barely miss the black bear. You kick the black bear!
The black bear is heavily wounded.
The black bear bites you.
The black bear claws you but does no damage.
The black bear claws you. The iguana bites you!
* * * LOW HITPOINT WARNING * * *
The iguana bites you but does no damage.
The black bear bites you but does no damage.
The black bear claws you.
* * * LOW HITPOINT WARNING * * *
The black bear claws you but does no damage.
You closely miss the black bear. You kick the black bear.
The black bear is severely wounded.
You block the black bear's attack.
The black bear claws you but does no damage.
You block the black bear's attack. The iguana closely misses you.
You hit the black bear.
The black bear is almost dead.
The black bear barely misses you.
The black bear claws you but does no damage.
The black bear claws you.
You die...
Kikubaaqudgha rasps: "You have failed me!
Welcome... death!"

###########
#.<.....>.#
#.........#
#######.........#
#...............#
####...@........#
####lh........
#..........
....h...........#
...(!...#####.###
........# ..
(......## .......
.....$.


You could see a black bear and an iguana.

Vanquished Creatures
  A worm (D:3)
  2 dart slugs (D:2)
  3 orcs (D:3)
  3 bats
  4 endoplasms
  A giant cockroach (D:1)
  7 goblins
  4 hobgoblins
  5 quokkas
  2 ball pythons
  2 frilled lizards (D:2)
  7 kobolds
  9 rats
50 creatures vanquished.

Notes
Turn   | Place    | Note
-------+----------+-------------------------------------------
     0 | D:1      | dolemite99 the Demonspawn Fighter began the quest for the
                  | Orb.
     0 | D:1      | Reached XP level 1. HP: 18/18 MP: 1/1
   232 | D:1      | Found Bine's Book Shoppe.
   270 | D:1      | Gained mutation: You have large cloven feet. [demonic
                  | ancestry]
   270 | D:1      | Reached XP level 2. HP: 24/24 MP: 2/2
  1191 | D:2      | Gained mutation: You are partially covered in thin metallic
                  | scales. (AC +2) [demonic ancestry]
  1191 | D:2      | Reached XP level 3. HP: 28/29 MP: 3/3
  2619 | D:3      | Found a faded altar of an unknown god.
  2627 | D:3      | Prayed at the altar of an unknown god.
  2627 | D:3      | Became a worshipper of Kikubaaqudgha
  2627 | D:3      | Reached * piety under Kikubaaqudgha
  2627 | D:3      | Received a gift from Kikubaaqudgha
  3074 | D:4      | Noticed a black bear
  3084 | D:4      | Slain by a black bear

Illustrated notes

Levels and vault maps discovered:
D:1:      dpeg_arrival_round_c, layout_basic, serial_shops,
          nicolae_shop_statue_plus, minmay_misc_feat_nine_boxes,
          dk_noncrumbling_3
D:2:      layout_rooms
D:3:      layout_loops_ring, chequers_ecumenical_altar_lobes,
          minmay_misc_feat_plants, minmay_misc_feat_tower, minivault_23
D:4:      layout_rooms, enter_ossuary_2, ebering_ghost_inner_flame, uniq_duvessa

Skill      XL: |  1  2 |
---------------+-------+-----
Long Blades    | 2 3 |  3.9
Fighting       | |  3.0
Armour         | |  2.6
Shields        | |  2.6

Action                   || total
-------------------------++-------
Melee: Long sword        ||   126
       Kick              ||    20
Throw: Dart              ||     7
       Stone             ||    31
  Use: Scroll            ||     4
       Potion            ||     1
Armor: Scale mail        ||    67
Dodge: Dodged            ||    60
Block: Buckler           ||    41

Table legend: (Time is in decaauts)
 A = Elapsed time spent in this place.
 B = Non-inter-level travel time spent in this place.
 C = Inter-level travel time spent in this place.
 D = Time resting spent in this place.
 E = Time spent auto-exploring this place.
 F = Levels seen in this place.
 G = Mean time per level.
                   A        B        C        D        E       F      G
               +--------+--------+--------+--------+--------+-----+--------+
         Total |   3124 |   3015 |    109 |    464 |   2029 |   4 |  781.0 |
       Dungeon |   3124 |   3015 |    109 |    464 |   2029 |   4 |  781.0 |
               +--------+--------+--------+--------+--------+-----+--------+

Top non-repeatable levels by time:
     D:3: 1283 daAuts
     D:1: 937 daAuts
     D:2: 886 daAuts
     D:4: 17 daAuts
